 Dungeon Crawl Stone Soup version 0.27.1-3-gb3d3a73c9e (webtiles) character file.

Game seed: 7815400140090551444

4613 raph the Arsonist (level 10, -9/53 HPs)
             Began as a Deep Elf Fire Elementalist on Oct 27, 2021.
             Was a Priest of Vehumet.
             Mangled by a skeletal warrior (30 damage)
             ... on level 7 of the Dungeon.
             The game lasted 00:24:42 (13218 turns).

raph the Arsonist (Deep Elf Fire Elementalist)     Turns: 13218, Time: 00:24:43

Health: -9/53      AC:  9    Str:  5    XL:     10   Next: 19%
Magic:  13/25      EV: 13    Int: 27    God:    Vehumet [***...]
Gold:   554        SH: 12    Dex: 15    Spells: 4/27 levels left

rFire    . . .     SeeInvis .   J - +3 dagger (freeze)
rCold    . . .     Faith    .   F - +2 buckler
rNeg     . . .     Spirit   .   m - +0 robe
rPois    .         Reflect  +   f - +2 helmet {Int+3}
rElec    .         Harm     .   s - +2 cloak
rCorr    +         Rampage  .   w - +0 pair of gloves
Will     +....                  (no boots)
Stlth    +++.......             d - amulet of reflection
HPRegen  0.17/turn              i - ring of resist corrosion
MPRegen  0.19/turn              H - ring of wizardry

@: no status effects
A: no striking features
a: Renounce Religion


You were on level 7 of the Dungeon.
You worshipped Vehumet.
Vehumet was most pleased with you.
You visited 2 branches of the dungeon, and saw 8 of its levels.
You also visited: Ossuary.

You collected 554 gold pieces.

Inventory:

Hand Weapons
 a - a +0 dagger
 b - a +0 shortbow
 r - a +3 quarterstaff of chaos
 J - a +3 dagger of freezing (weapon)
Missiles
 j - 116 arrows
 k - 6 atropa-tipped darts
 l - a throwing net
 v - 44 poisoned darts
 y - 5 boomerangs of dispersal
Armour
 f - a +2 helmet of intelligence (worn)
 m - a +0 robe (worn)
 s - a +2 cloak (worn)
 w - a +0 pair of gloves (worn)
 F - a +2 buckler (worn)
 G - a +0 buckler
Magical Staves
 p - a staff of death
Jewellery
 d - an amulet of reflection (around neck)
 h - an amulet of the acrobat
 i - a ring of resist corrosion (left hand)
 D - an amulet of magic regeneration
 E - a +4 ring of evasion
 H - a ring of wizardry (right hand)
Wands
 q - a wand of iceblast (7)
 x - a wand of mindburst (19)
 z - a wand of digging (2)
Scrolls
 o - a scroll of holy word
 C - a scroll of teleportation
 K - a scroll of identify
 L - a scroll of fog
Potions
 c - 4 potions of curing
 e - 3 potions of magic
 g - a potion of haste
 n - a potion of heal wounds
 t - 3 potions of flight
 u - 2 potions of ambrosia
 A - a potion of resistance
 B - 2 potions of lignification
 I - a potion of attraction


   Skills:
 + Level 1.9 Fighting
 + Level 4.0 Dodging
 + Level 4.3 Stealth
 * Level 2.8 Shields
 + Level 9.2 Spellcasting
 * Level 8.9 Conjurations
 * Level 9.3 Fire Magic
 * Level 3.9 Earth Magic


You had 4 spell levels left.
You knew the following spells:

 Your Spells              Type           Power      Damage    Failure   Level
a - Foxfire               Conj/Fire      100%       2x1d9     1%          1
b - Conjure Flame         Conj/Fire      58%        6-21      1%          3
c - Sticky Flame          Conj/Fire      58%        2d7       1%          4
d - Animate Skeleton      Necr           24%        N/A       2%          1
e - Passwall              Tmut/Erth      19%        N/A       1%          2
f - Fireball              Conj/Fire      29%        3d13      1%          5
g - Searing Ray           Conj           100%       3d7       1%          2
h - Lee's Rapid Deconstr  Erth           16%        3d11*     3%          5

Your spell library contained the following spells:

 Spells                   Type           Power      Damage    Failure   Level
 Hailstorm                Conj/Ice       36%        3d9       1%          4
 Sandblast                Erth           66%        2d15      1%          1
 Inner Flame              Hex/Fire       37%        N/A       1%          3
 Stone Arrow              Conj/Erth      94%        3d12      1%          3
 Pain                     Necr           48%        1d6       2%          1
 Vampiric Draining        Necr           6%         2d6       6%          3
 Animate Armour           Summ/Erth      46%        N/A       10%         4
 Alistair's Intoxication  Tmut/Pois      8%         N/A       50%         5
 Lehudib's Crystal Spear  Conj/Erth      23%        10d7      87%         8
 Dragon Form              Tmut           6%         N/A       100%        7


Dungeon Overview and Level Annotations

Branches:
Dungeon (7/15)             Temple (1/1) D:4         Ossuary (visited)

Altars:
Dithmenos
Elyvilon
Gozag
Kikubaaqudgha
Ru
Sif Muna
Vehumet
Wu Jian
Zin
The Shining One

Annotations:
D:1 murs à virer


Message History

The fire ignites!
Casting: Conjure Flame (safe; 1% risk of failure)
Confirm with . or Enter, or press ? or * to list all spells.
The fire begins to smoulder!
The fire ignites!
Casting: Conjure Flame (safe; 1% risk of failure)
Confirm with . or Enter, or press ? or * to list all spells.
The fire begins to smoulder!
The fire ignites!
You see here 5 large rocks.
The skeletal warrior hits you with the +7 mace of Wounding {vorpal, *Corrode +Rage rF++ SInv}!!
Ouch! That really hurt!
You feel much better.
The skeletal warrior is engulfed in blazing flames.
You block the skeletal warrior's attack.
You hit the skeletal warrior but do no damage.
The skeletal warrior is lightly damaged.
The skeletal warrior is engulfed in blazing flames.
You block the skeletal warrior's attack.
Casting: Conjure Flame (safe; 1% risk of failure)
Confirm with . or Enter, or press ? or * to list all spells.
You don't know that spell.
Unknown command.
Okay, then.
Casting: Conjure Flame (safe; 1% risk of failure)
Confirm with . or Enter, or press ? or * to list all spells.
Aiming: Sticky Flame (safe; 1% risk of failure)
Press: ? - help, Shift-Dir - straight line, f - skeletal warrior
Aim: a skeletal warrior, wielding the +7 mace of Wounding {vorpal, *Corrode +Rage rF++ SInv} and wearing the +2 scale mail of Defence {-Cast Will+ Slay+5 Stlth+} (flame, lightly damaged, 100% to hit)
The sticky flame hits the skeletal warrior.
The skeletal warrior resists.
The skeletal warrior is lightly damaged.
The skeletal warrior is covered in liquid flames!
The skeletal warrior hits you with the +7 mace of Wounding {vorpal, *Corrode +Rage rF++ SInv}!
As you read the scroll of holy word, it crumbles to dust.
You speak a Word of immense power!
The skeletal warrior convulses!
The skeletal warrior burns!
The skeletal warrior hits you with the +7 mace of Wounding {vorpal, *Corrode +Rage rF++ SInv}!!
Ouch! That really hurt!
You die...

........# ### ##..#### ###
##......#
#.#######.##.##.###.##
.......##
#......)..##.##.).....
##..#..#
##.#####.##.#.#####.##
#.....##
#.......##...##).....
##....#
##.###.##.###.####.##
##..##
#.....##.....##..... #..#
##.#(##.#####.###)##
###.## #.@.##...†...##...#
#...# ##z##.#######.##.##
...## ##.##.........##.#.
.#.# ####
#C##.##.#########.#. ...#
#... †..##.##.#....#..##.
..## #.#.#
#)#.##.##..##..#..#.. ..#
#.#.#.#.##...##.##....##..
.##
#.......##...##.......#...
.#
#z....##..#..##...#.##.##


You could see a skeletal warrior (dazed, burning).

Vanquished Creatures
  A cyclops (D:7)
  A slime creature (D:7)
  A steam dragon (D:7)
  3 water moccasins
  An ice beast (D:7)
  A sky beast (D:6)
  2 black bears
  An orc warrior (D:7)
  5 ogres
  2 phantoms (D:5)
  6 centaurs
  4 kobold brigands
  A gnoll sergeant (D:6)
  3 bullfrogs
  An elf zombie (Ossuary)
  A water moccasin zombie (D:6)
  2 scorpions
  A wight (D:7)
  2 howler monkeys (D:7)
  4 centaur zombies (Ossuary)
  A bullfrog zombie (D:5)
  2 jellies
  An orc priest (D:6)
  6 hounds
  2 human zombies (Ossuary)
  Crazy Yiuf (D:2)
  4 gnoll shamans
  A bullfrog skeleton (D:7)
  2 iguanas
  Natasha (thrice) (D:4)
  2 orc wizards (D:6)
  2 hound zombies (Ossuary)
  2 mummies (Ossuary)
  Robin (D:4)
  4 adders
  18 gnolls
  A white imp (D:6)
  An adder zombie (Ossuary)
  A worm (D:2)
  2 dart slugs
  8 orcs
  10 ball pythons
  A bat (D:3)
  3 endoplasms
  3 giant cockroaches
  15 goblins
  16 hobgoblins
  7 jackals
  15 kobolds
  3 quokkas
  4 frilled lizards
  6 goblin zombies (Ossuary)
  4 hobgoblin zombies (Ossuary)
  2 jackal zombies (Ossuary)
  3 kobold zombies (Ossuary)
  5 quokka zombies (Ossuary)
  A rat (D:1)
  6 rat zombies (Ossuary)
212 creatures vanquished.

Vanquished Creatures (collateral kills)
  A centaur zombie (D:5)
  12 foxfires (D:6)
13 creatures vanquished.

Vanquished Creatures (others)
  610 foxfires
  68 plants
678 creatures vanquished.

Grand Total: 903 creatures vanquished

Notes
Turn   | Place    | Note
-------+----------+-------------------------------------------
     0 | D:1      | raph the Deep Elf Fire Elementalist began the quest for the
                  | Orb.
     0 | D:1      | Reached XP level 1. HP: 10/10 MP: 6/6
    75 | D:1      | Found a faded altar of an unknown god.
   220 | D:1      | Reached XP level 2. HP: 2/15 MP: 2/8
  1044 | D:2      | Reached XP level 3. HP: 19/19 MP: 6/9
  1377 | D:2      | Found a runed translucent door.
  1378 | D:2      | Noticed Crazy Yiuf
  1401 | D:2      | Killed Crazy Yiuf
  1869 | D:3      | Identified a scroll of acquirement
  1869 | D:3      | Acquired a +1 helmet of intelligence
  1883 | D:3      | Reached XP level 4. HP: 24/24 MP: 6/10
  1996 | D:3      | Found a shadowy altar of Dithmenos.
  2142 | D:3      | Learned a level 3 spell: Conjure Flame
  2147 | D:3      | Learned a level 4 spell: Sticky Flame
  3217 | D:4      | Reached skill level 5 in Fire Magic
  3217 | D:4      | Reached XP level 5. HP: 26/28 MP: 6/11
  3311 | D:4      | Found a radiant altar of Vehumet.
  3324 | D:4      | Became a worshipper of Vehumet
  3559 | D:4      | Learned a level 1 spell: Animate Skeleton
  3851 | D:4      | Noticed Natasha
  3855 | D:4      | Killed Natasha
  4145 | D:4      | Found a sacrificial altar of Ru.
  4308 | D:4      | Found a staircase to the Ecumenical Temple.
  4360 | D:4      | Noticed Robin
  4376 | Temple   | Entered the Ecumenical Temple
  4459 | D:4      | Killed Robin
  4510 | D:4      | Noticed Natasha
  4621 | D:4      | Killed Natasha
  4954 | D:4      | Noticed Natasha
  4959 | D:4      | Killed Natasha
  4960 | D:4      | Reached XP level 6. HP: 32/32 MP: 7/13
  4963 | D:4      | Learned a level 2 spell: Passwall
  5195 | D:1      | Got the Collected Works on Blistering Transmigration
  5632 | D:5      | Entered Level 5 of the Dungeon
  5725 | D:5      | Reached skill level 5 in Conjurations
  5805 | D:5      | Reached XP level 7. HP: 27/36 MP: 1/16
  5868 | D:5      | Reached skill level 5 in Spellcasting
  5988 | D:5      | Reached * piety under Vehumet
  5988 | D:5      | Offered knowledge of Magic Dart by Vehumet.
  6436 | D:5      | Reached XP level 8. HP: 40/41 MP: 12/19
  6611 | D:5      | Learned a level 5 spell: Fireball
  7692 | D:6      | Found an ancient bone altar of Kikubaaqudgha.
  8937 | D:6      | Reached ** piety under Vehumet
  8939 | D:6      | Offered knowledge of Searing Ray by Vehumet.
  8943 | D:6      | Learned a level 2 spell: Searing Ray
  9044 | D:6      | Reached XP level 9. HP: 36/45 MP: 11/23
  9221 | D:6      | Found an opulent altar of Gozag.
  9262 | D:6      | Reached skill level 1 in Earth Magic
  9347 | D:6      | Found a white marble altar of Elyvilon.
  9363 | D:6      | Found a glowing silver altar of Zin.
  9364 | D:6      | Found a glowing golden altar of the Shining One.
 10389 | D:7      | Found a sand-covered staircase.
 10395 | Ossuary  | Entered an ossuary
 10415 | Ossuary  | Reached skill level 1 in Shields
 10440 | Ossuary  | Offered knowledge of Frozen Ramparts by Vehumet.
 10605 | Ossuary  | Learned a level 5 spell: Lee's Rapid Deconstruction
 10714 | Ossuary  | Reached *** piety under Vehumet
 10790 | Ossuary  | Reached skill level 1 in Fighting
 11645 | D:7      | Offered knowledge of Hailstorm by Vehumet.
 12698 | D:7      | Reached XP level 10. HP: 52/52 MP: 14/25
 12739 | D:7      | Noticed a cyclops
 12933 | D:7      | Killed a cyclops
 13187 | D:7      | Identified the +7 mace of Wounding {vorpal, *Corrode +Rage
                  | rF++ SInv}
 13187 | D:7      | Identified the +2 scale mail of Defence {-Cast Will+ Slay+5
                  | Stlth+}
 13187 | D:7      | Noticed a skeletal warrior
 13218 | D:7      | Mangled by a skeletal warrior

Illustrated notes

Levels and vault maps discovered:
D:1:      saegor_arrival_simple_e, layout_rooms,
          shapermc_ecumenical_altar_mp_ritualfount,
          chequers_serial_rivers_small_a, due_unseen_surprise
D:2:      layout_rooms, uniq_crazy_yiuf_cottage
D:3:      layout_basic, mainiacjoe_overflow_six_doors_small
D:4:      kennysheep_six_static_rooms, layout_layer_cave,
          nicolae_vehumet_radiance, mainiacjoe_overflow_alcove_4, uniq_natasha,
          uniq_robin
D:5:      wad_lake_hut, layout_loops_ring, hangedman_decor_diamond_cutter
D:6:      kennysheep_housing_project, layout_rooms, good_gods_temple_1,
          overflow_temple_1_default, mainiacjoe_overflow_boulevard,
          portal_sewer_entry_d
D:7:      minmay_the_grid_triangle_9x9_rhombus_full
          [minmay_the_grid_triangle_9x9_swiss_cheese,
          minmay_the_grid_triangle_9x9_dagger,
          minmay_the_grid_triangle_9x9_skeleton,
          minmay_the_grid_triangle_9x9_flanged_cone,
          minmay_the_grid_triangle_9x9_steps,
          minmay_the_grid_triangle_9x9_impossible_snake,
          minmay_the_grid_triangle_9x9_zippers_horizontal,
          minmay_the_grid_triangle_9x9_prize_insulated], layout_loops_corners,
          kennysheep_slug_shrine, nicolae_ossuary_entry_monument, enter_bailey_7
Temple:   dpeg_chambers_temple

Skill      XL: |  1  2  3  4  5  6  7  8  9 10 |
---------------+-------------------------------+-----
Conjurations   | 2 3 4 5 6 7 8 |  8.9
Fire Magic     | 4 5 6 7 8 9 |  9.3
Spellcasting   | 4 6 8 9 |  9.2
Earth Magic    | 3 |  3.9
Stealth        | 4 |  4.3
Shields        | 2 |  2.8
Dodging        | 3 4 |  4.0
Fighting       | 1 |  1.9

Action                   |  1- 3 |  4- 6 |  7- 9 | 10-12 || total
-------------------------+-------+-------+-------+-------++-------
Melee: Unarmed           |     1 |       |       |       ||     1
       Whip              |     4 |       |       |       ||     4
       Dagger            |     7 |    21 |    75 |     1 ||   104
 Fire: Shortbow          |       |       |     6 |       ||     6
 Cast: Foxfire           |    49 |   117 |   197 |     2 ||   365
       Conjure Flame     |       |     2 |    15 |     5 ||    22
       Sticky Flame      |       |     3 |    29 |     4 ||    36
       Animate Skeleton  |       |     2 |     4 |       ||     6
       Passwall          |       |     2 |       |       ||     2
       Fireball          |       |       |    26 |     5 ||    31
       Searing Ray       |       |       |     2 |       ||     2
Evoke: Wand              |       |       |     1 |     1 ||     2
  Use: Scroll            |     3 |    10 |     5 |     1 ||    19
       Potion            |       |       |     2 |     1 ||     3
 Stab: Sleeping          |       |     3 |     4 |       ||     7
Armor: Robe              |     4 |    33 |    91 |       ||   128
Dodge: Dodged            |    25 |    43 |   123 |     1 ||   192
Block: Other             |     2 |    24 |    18 |       ||    44
       Reflection        |       |     1 |     1 |     2 ||     4
       Buckler           |       |       |    74 |     4 ||    78
